[Event "Benidorm Open-B 2022"]
[Site "Benidorm"]
[Date "2022.12.09"]
[Round "8.10"]
[White "Rios Garcia, Miguel"]
[Black "Prieto, Alberto"]
[Result "0-1"]
[ECO "D04"]
[WhiteElo "1829"]
[BlackElo "1886"]
[Annotator "NA RC COMBH"]
[PlyCount "96"]
[EventDate "2022.12.03"]
[EventType "swiss"]
[EventCountry "ESP"]
[SourceTitle "playchess.com"]
[Source "ChessBase"]
[SourceQuality "1"]
[TimeControl "5400+30"]

1. d4 d5 2. Nf3 Nf6 3. e3 Bg4 4. h3 Bh5 5. g4 Bg6 6. Bd3 e6 7. Nbd2 a6 8. Qe2 c5 9. c3 Nc6 10. Ne5 c4 11. Bxg6 hxg6 12. Nxc6 bxc6 13. e4 Nxe4 14. Nxe4 dxe4 15. Qxe4 Qd5 16. f3 Bd6 17. b4 a5 18. Bd2 axb4 19. cxb4 Ra3 20. Qxd5 exd5 21. Kf2 Kd7 22. Bc1 Rc3 23. f4 Bxb4 24. Rb1 Bd6 25. a4 Ra8 26. Ra1 c5 27. Be3 Rb8 28. Rhe1 Rb2+ 29. Re2 Rbb3 30. a5 Ra3 31. Rxa3 Rxa3 32. dxc5 Bc7 33. Bd4 Rxa5 34. Bxg7 Rxc5 35. Bf6 Bd6 36. f5 Rc6 37. Bd4 Bc5 38. Ke3 Kd6 39. fxg6 fxg6 40. Rf2 Bxd4+ 41. Kxd4 c3 42. Rc2 Rc4+ 43. Kd3 g5 44. Ke3 Ke5 45. Kf3 Rf4+ 46. Kg3 d4 47. Re2+ Re4 48. Rc2 Re3+ 0-1

[Event "Benidorm Open-B 2022"]
[Site "Benidorm"]
[Date "2022.12.09"]
[Round "8.11"]
[White "Gomez Fernandez, Fulgencio"]
[Black "Diez Viera, Oscar"]
[Result "1/2-1/2"]
[ECO "A45"]
[WhiteElo "1727"]
[BlackElo "1858"]
[Annotator "NA RC COMBH"]
[PlyCount "28"]
[EventDate "2022.12.03"]
[EventType "swiss"]
[EventCountry "ESP"]
[SourceTitle "playchess.com"]
[Source "ChessBase"]
[SourceQuality "1"]
[TimeControl "5400+30"]

1. d4 Nf6 2. Bf4 e6 3. e3 c5 4. Nd2 d5 5. c3 Bd6 6. Bg3 O-O 7. Bd3 Nc6 8. Ngf3 cxd4 9. exd4 Qc7 10. Bh4 Be7 11. Bg3 Bd6 12. Bh4 Be7 13. Bg3 Bd6 14. Bh4 Be7 1/2-1/2

[Event "Benidorm Open-B 2022"]
[Site "Benidorm"]
[Date "2022.12.09"]
[Round "8.12"]
[White "Martinez Dourado, Daniel"]
[Black "Kane, Robert"]
[Result "0-1"]
[ECO "B12"]
[WhiteElo "1837"]
[BlackElo "1738"]
[Annotator "NA RC COMBH"]
[PlyCount "40"]
[EventDate "2022.12.03"]
[EventType "swiss"]
[EventCountry "ESP"]
[SourceTitle "playchess.com"]
[Source "ChessBase"]
[SourceQuality "1"]
[TimeControl "5400+30"]

1. e4 c6 2. d4 d5 3. e5 Bf5 4. h4 h5 5. c4 e6 6. Nc3 Ne7 7. Nge2 a6 8. Ng3 Bg6 9. Bg5 Nd7 10. Bd3 Bxd3 11. Qxd3 dxc4 12. Qxc4 Nb6 13. Qd3 Qc7 14. Nce4 Ned5 15. O-O Be7 16. Rad1 O-O-O 17. Nd6+ Bxd6 18. Bxd8 Qxd8 19. exd6 Qxh4 20. Ne2 Nf4 0-1

[Event "Benidorm Open-B 2022"]
[Site "Benidorm"]
[Date "2022.12.09"]
[Round "8.14"]
[White "Place, Nicholas"]
[Black "Mateev, Kaloyan Mateev"]
[Result "1/2-1/2"]
[ECO "C41"]
[WhiteElo "1967"]
[BlackElo "1735"]
[Annotator "TA"]
[PlyCount "71"]
[EventDate "2022.12.03"]
[EventType "swiss"]
[EventCountry "ESP"]
[SourceTitle "playchess.com"]
[Source "ChessBase"]
[SourceQuality "1"]
[TimeControl "5400+30"]

1. e4 d6 2. d4 Nf6 3. Nc3 e5 4. Nf3 Nbd7 5. Bc4 Be7 6. O-O O-O 7. a4 a5 8. h3 c6 9. Be3 h6 {C41: Philidor Defence.} 10. Qd2 Nh7 {[#]} 11. d5 $146 ({Predecessor:} 11. Rad1 Bg5 12. Nxg5 Nxg5 13. f4 exf4 14. Bxf4 Qe7 15. Rde1 Nb6 16. Bb3 Kh8 17. e5 dxe5 18. Bxe5 {1-0 (45) Van Leeuwen,R (1446)-Elferink,L (821) Borne 2019}) 11... Ng5 {White is slightly better.} 12. Nxg5 hxg5 13. Rad1 c5 14. Be2 g6 15. g4 Kg7 16. Nb5 Rh8 17. Kg2 Nb6 18. b3 f5 19. f3 f4 20. Bf2 {Active counter play!} Bd7 21. Qc3 Nc8 22. Na3 Na7 23. Qd2 Qc7 24. Be1 b6 25. Ba6 Bc8 26. Bxc8 Rhxc8 27. Qe2 Rcb8 28. Nb5 (28. Rh1 $16) 28... Qd7 29. Nxa7 Rxa7 30. Ra1 Bd8 31. Bd2 Qb7 32. Qb5 Qd7 {The position is equal.} 33. Qxd7+ Rxd7 34. Rab1 Ra7 35. Kf2 Kf8 36. c4 {Weighted Error Value: White=0.09 (flawless) /Black=0.07 (flawless)} 1/2-1/2

[Event "Benidorm Open-B 2022"]
[Site "Benidorm"]
[Date "2022.12.09"]
[Round "8.15"]
[White "Cluyts, Marc"]
[Black "Garcia Bueno, Juan Pablo"]
[Result "1/2-1/2"]
[ECO "B23"]
[WhiteElo "1923"]
[BlackElo "1788"]
[Annotator "TA"]
[PlyCount "112"]
[EventDate "2022.12.03"]
[EventType "swiss"]
[EventCountry "ESP"]
[SourceTitle "playchess.com"]
[Source "ChessBase"]
[SourceQuality "1"]
[TimeControl "5400+30"]

1. e4 c5 2. Nc3 Nc6 3. f4 g6 4. Nf3 Bg7 5. Bb5 Nd4 6. O-O a6 7. Bd3 d6 8. Nxd4 cxd4 9. Ne2 Nf6 10. c3 dxc3 11. bxc3 O-O {B23: Closed Sicilian: Lines without g3.} 12. Bc2 b5 13. Kh1 Bb7 14. d3 Rc8 15. Bd2 Qb6 16. a4 {[#]} Ng4 $146 {[#] White must now prevent ...Nf2+.} ({Predecessor:} 16... e5 17. Rb1 Qc6 18. f5 d5 19. axb5 axb5 20. fxg6 hxg6 21. Ng3 Rfd8 22. Qe2 dxe4 23. Nxe4 Nxe4 24. dxe4 {0-1 (42) Danielsen,M (2035)-Dragicevic,D (2246) Oslo 2007}) 17. d4 (17. Qe1 {keeps more tension.} b4 18. Rb1 a5 19. Qg3) 17... Nf6 (17... e5 {seems wilder.} 18. Ng3 h5 19. h3 Nf6) 18. Ng3 b4 (18... h5 $5 ) 19. Rb1 a5 20. cxb4 (20. Bd3 $11) 20... Qxd4 $15 21. bxa5 {[#]} (21. Rb3 $15 {feels stronger.}) 21... Ba6 $1 $17 ({Don't play} 21... Bxe4 $6 22. Nxe4 Nxe4 23. Bxe4 Qxe4 24. Re1 $11) ({Don't do} 21... Nxe4 22. Bxe4 Bxe4 23. Nxe4 Qxe4 24. Re1 $11) 22. Rf3 Ng4 {...Nf2+ is the strong threat.} 23. Be1 {Inhibits Nf2+.} (23. Rb6 $17) 23... Ne3 $19 24. Qxd4 (24. Bf2 $142 Qxd1+ 25. Bxd1) 24... Bxd4 25. Bd1 (25. Bb3 $142 Bd3 26. Rd1 Nxd1 27. Rxd3 Nf2+ 28. Bxf2 Bxf2 29. Ne2) 25... Nxd1 $2 (25... Rb8 $19 {is more deadly.} 26. Rc1 Rb2) 26. Rxd1 $17 Bc5 {This pair of bishops is nice.} 27. Bf2 Bxf2 28. Rxf2 Rc4 29. Ra2 Rfc8 {[%mdl 1024] Black has strong compensation.} 30. h3 Bb7 ({Better is} 30... R8c5 31. e5 dxe5 32. fxe5 Rxe5 33. Rd8+ Kg7) 31. Re1 Rb4 32. Ree2 Rc5 33. Rab2 Rxb2 34. Rxb2 {[%mdl 4096] Endgame KRB-KRN} Bc6 ({Black should play} 34... Ba6 $15) 35. Rb8+ $11 Kg7 36. Rc8 Bxa4 37. Rxc5 dxc5 {KB-KN} 38. Ne2 ({Much weaker is} 38. a6 Kf8 $15) 38... Kf6 39. Nc3 Bc6 40. Kg1 e5 41. Nd5+ (41. g3 $11 {keeps the balance.}) 41... Ke6 $17 42. a6 exf4 43. a7 $2 (43. Nxf4+ $17 {nothing else works.} Ke5 44. g3) 43... Ke5 $19 {Strongly threatening ...f5.} 44. Kf2 $2 (44. Nb6 Kxe4 45. Kf1) 44... f5 45. Nb6 fxe4 {aiming for ...Kd4.} 46. a8=Q Bxa8 47. Nxa8 {KN-KP} Kd4 (47... c4 $142 48. Nb6 Kd4) 48. Nc7 Kd3 $2 (48... c4 $19 {Threatens to win with ...c3.} 49. Ke2 c3 50. Ne6+ Ke5) 49. Ne6 $1 $11 {[%csl LRc5,LRf4] The position is equal.} Kd2 {( -> ...e3+)} 50. Nxf4 e3+ 51. Kf3 c4 52. Ne2 h6 53. h4 $1 h5 54. g3 Kd3 $1 55. Nf4+ Kd2 56. Ne2 (56. Ng2 $5 e2 $8 57. Kf2 $11) 56... Kd3 $1 {Whites escaped into a draw.   Weighted Error Value: White=0.69/Black=0.31} 1/2-1/2

[Event "Benidorm Open-B 2022"]
[Site "Benidorm"]
[Date "2022.12.10"]
[Round "9.1"]
[White "Pajuelo Morales, Raul"]
[Black "Goktepe, Derin"]
[Result "0-1"]
[ECO "A15"]
[WhiteElo "1890"]
[BlackElo "1828"]
[Annotator "NA RC COMBH"]
[PlyCount "44"]
[EventDate "2022.12.03"]
[EventType "swiss"]
[EventCountry "ESP"]
[SourceTitle "playchess.com"]
[Source "ChessBase"]
[SourceQuality "1"]
[TimeControl "5400+30"]

1. c4 Nf6 2. g3 e6 3. Bg2 d5 4. Nf3 d4 5. O-O c5 6. d3 Nc6 7. e3 Bd6 8. exd4 cxd4 9. Re1 O-O 10. Na3 Re8 11. Nc2 a5 12. a3 e5 13. Rb1 a4 14. b4 axb3 15. Rxb3 Nd7 16. Nb4 Nc5 17. Nxc6 bxc6 18. Rb4 Bg4 19. h3 Bh5 20. g4 Bg6 21. Bf1 Nxd3 22. Bxd3 Bxb4 0-1

[Event "Benidorm Open-B 2022"]
[Site "Benidorm"]
[Date "2022.12.10"]
[Round "9.2"]
[White "Sai Hrushikesh Simhdri"]
[Black "Tsiapko, Andrii"]
[Result "1/2-1/2"]
[ECO "B35"]
[WhiteElo "1460"]
[BlackElo "1619"]
[Annotator "NA RC COMBH"]
[PlyCount "58"]
[EventDate "2022.12.03"]
[EventType "swiss"]
[EventCountry "ESP"]
[SourceTitle "playchess.com"]
[Source "ChessBase"]
[SourceQuality "1"]
[TimeControl "5400+30"]

1. e4 c5 2. Nf3 Nc6 3. d4 cxd4 4. Nxd4 g6 5. Nc3 Bg7 6. Be3 Nf6 7. Bc4 O-O 8. Bb3 Re8 9. f3 e6 10. O-O d5 11. exd5 Nxd5 12. Nxd5 exd5 13. Bf2 Be6 14. c3 Qg5 15. Kh1 h5 16. Ba4 Rac8 17. Nxc6 bxc6 18. Bxa7 d4 19. cxd4 Bc4 20. Re1 Rxe1+ 21. Qxe1 Ra8 22. Bb3 Bxb3 23. axb3 Qd5 24. Ra3 Rc8 25. b4 Qc4 26. Re3 Ra8 27. Bc5 Ra2 28. Rc3 Qe2 29. Rc1 Qxb2 1/2-1/2

[Event "Benidorm Open-B 2022"]
[Site "Benidorm"]
[Date "2022.12.10"]
[Round "9.3"]
[White "Mallevaey, Guillaume"]
[Black "Lopez de Turiso, Jose Angel"]
[Result "1-0"]
[ECO "A10"]
[WhiteElo "1761"]
[BlackElo "1885"]
[Annotator "NA RC COMBH"]
[PlyCount "73"]
[EventDate "2022.12.03"]
[EventType "swiss"]
[EventCountry "ESP"]
[SourceTitle "playchess.com"]
[Source "ChessBase"]
[SourceQuality "1"]
[TimeControl "5400+30"]

1. c4 f5 2. Nc3 Nf6 3. g3 d6 4. Bg2 g6 5. d3 Bg7 6. e4 fxe4 7. dxe4 O-O 8. Nge2 c5 9. O-O Nc6 10. f4 e5 11. h3 Be6 12. Nd5 Nd4 13. fxe5 dxe5 14. Bg5 Rf7 15. Qd3 Qf8 16. Rf2 h6 17. Bd2 Kh7 18. Raf1 Qh8 19. Nxd4 cxd4 20. Bb4 Nxd5 21. exd5 Rxf2 22. Rxf2 Bd7 23. Be4 Qe8 24. Qf3 b6 25. Bd6 Rc8 26. Bd3 Bxh3 27. Qe4 Rd8 28. Bc7 Rc8 29. d6 Bd7 30. Re2 Bc6 31. Qg4 Bd7 32. Qf3 h5 33. Qxh5+ Kg8 34. Bxg6 Qe6 35. Qh7+ Kf8 36. Rf2+ Bf6 37. Qh8+ 1-0

[Event "Benidorm Open-B 2022"]
[Site "Benidorm"]
[Date "2022.12.10"]
[Round "9.5"]
[White "Sanabria Taskila, Jenny Maria"]
[Black "Palao, Adriana"]
[Result "1/2-1/2"]
[ECO "C75"]
[WhiteElo "1852"]
[BlackElo "1972"]
[Annotator "TA"]
[PlyCount "60"]
[EventDate "2022.12.03"]
[EventType "swiss"]
[EventCountry "ESP"]
[SourceTitle "playchess.com"]
[Source "ChessBase"]
[SourceQuality "1"]
[TimeControl "5400+30"]

1. e4 e5 2. Nf3 Nc6 3. Bb5 a6 4. Ba4 d6 5. c3 Bd7 6. d4 Nge7 7. Bg5 h6 {C75: Ruy Lopez: Deferred Steinitz: 5 c3 Bd7 6 d4 without ...g6.} 8. Be3 Ng6 9. O-O Be7 {The position is equal.} 10. Re1 {[#]} O-O $146 ({Predecessor:} 10... Bg5 11. dxe5 Bxe3 12. Rxe3 dxe5 13. c4 Qe7 14. Nc3 O-O-O 15. Nd5 Qe6 16. b4 Nce7 {1-0 (25) Vilar Lopez,M (2115)-Penas Hernandez,Y Montanchez 1998}) 11. Nbd2 Bf6 12. h3 Nh4 13. Nxh4 Bxh4 14. Nf3 Bf6 15. d5 Ne7 16. Bxd7 Qxd7 17. b4 Ng6 18. Rc1 Be7 19. c4 f5 20. exf5 Rxf5 21. Nd2 Nf4 22. Ne4 Rf7 23. Rc3 Raf8 24. Bxf4 Rxf4 25. f3 Rd8 26. Qb3 Kh8 27. Rd1 Rff8 28. a4 {White is more active.} b6 29. Qc2 Rb8 30. c5 Rfc8 {Weighted Error Value: White=0.07 (flawless) /Black=0.10 (very precise)} (30... bxc5 $14 31. bxc5 Rb4) 1/2-1/2

[Event "Benidorm Open-B 2022"]
[Site "Benidorm"]
[Date "2022.12.10"]
[Round "9.6"]
[White "Prieto, Alberto"]
[Black "Saez Gabikagogeaskoa, Oscar"]
[Result "1-0"]
[ECO "A00"]
[WhiteElo "1886"]
[BlackElo "1941"]
[Annotator "TA"]
[PlyCount "82"]
[EventDate "2022.12.03"]
[EventType "swiss"]
[EventCountry "ESP"]
[SourceTitle "playchess.com"]
[Source "ChessBase"]
[SourceQuality "1"]
[TimeControl "5400+30"]

1. g4 c5 2. Bg2 Nc6 3. d3 d5 4. h3 e6 5. Nc3 {[#]} Nge7 $146 ({Predecessor:} 5... Bd6 6. e4 d4 7. Nce2 Nge7 8. f4 e5 9. f5 f6 10. Nf3 Bd7 11. h4 Qc7 {0-1 (29) Omariev,M (2304)-Popadic,D (2143) Chess.com INT 2021}) 6. f4 {A00: Irregular Openings.} (6. e3 $15) 6... d4 $17 7. Ne4 Nd5 8. Nf3 $2 (8. c4 $1 $15 Ne3 9. Bxe3 dxe3 10. Nf3) 8... Qc7 9. O-O (9. c3 $142) 9... Be7 $2 (9... Nxf4 10. Bxf4 Qxf4 11. Nfg5 Qe3+ 12. Kh1 $11) ({Black should try} 9... f5 $19 10. Nf2 Nxf4) 10. Ne1 $1 $15 O-O {...f5 is the strong threat.} 11. c4 {Inhibits f5.} Ne3 12. Bxe3 dxe3 13. Nc2 f5 14. gxf5 Rxf5 (14... exf5 15. Nc3 $16) 15. Nxe3 (15. d4 $11) 15... Rxf4 16. Qd2 Bd7 (16... Rh4 $15) 17. Rxf4 $11 Qxf4 18. Rf1 (18. Nd5 $1 $11 Qxd2 19. Nxe7+ Kf7 20. Nxd2 Kxe7 21. Rf1) 18... Qh6 (18... Qc7 {simplifies} 19. Nc2 b6 20. Qf4 Qxf4 21. Rxf4 Rd8) 19. Ng4 Qg6 (19... Qxd2 {simplifies} 20. Nxd2 Nd4 21. Ne5 Bc8) 20. Qf4 e5 21. Nxe5 Nxe5 22. Qxe5 {Chess con chili.} Bxh3 {[%csl Gh3][%cal Rg6g2] [#] A strong pair of Bishops.} 23. Qd5+ (23. Qh2 $5 Qxg2+ 24. Qxg2 Bxg2 25. Kxg2 $11) 23... Kh8 24. Nf2 {Active counter play!} Bxg2 25. Qxg2 Qb6 26. b3 Qa6 27. Qe4 Qd6 (27... Qf6 $1 $11) 28. Qg4 (28. Qxb7 $16 Rf8 29. Nh1) 28... Rd8 29. Ne4 Qd4+ 30. Kg2 Qd7 31. Qf5 (31. Qxd7 {simplifies} Rxd7 32. Rf5 b6 33. Rd5) 31... Qc6 32. Rh1 (32. Qf7 {simplifies} Qe8 33. Qxe8+ Rxe8 34. Rf5) 32... h6 33. Qf7 Qc7 34. Qe6 (34. Qg6 {is more complex.} Rf8 35. Qe6 b6 36. Rh3) 34... Bd6 $2 {[#]} (34... Qd7 $11 {and Black has nothing to worry.} 35. Qxd7 Rxd7) 35. Rf1 ({Better is} 35. Rh5 $1 $18) 35... Bf4 {Against Ng5} (35... Qe7 $1 $14 36. Qxe7 Bxe7) 36. Qf5 $16 Be3 (36... Be5 $16) 37. Rf3 (37. Qf3 $142) 37... Bc1 $18 38. Qf7 $40 {[%mdl 128] Prevents b6. White is out for blood.} (38. Qxc5 Qxc5 39. Nxc5 b6) ({White should play} 38. Qg6 $18) 38... Rd7 $2 (38... Qc6 $16 39. Kf1 Bb2) 39. Qf8+ (39. Qe8+ $142 Kh7 40. Rf8 (40. Rf6 Re7 $16)) 39... Kh7 40. e3 $2 ({Weaker is} 40. Qxc5 Qxc5 41. Nxc5 Re7 $16) ({Not} 40. Nxc5 Re7 $16) (40. Qf5+ $18 Kh8 41. Rf1 (41. Nxc5 Re7 $16) (41. Qxc5 Qxc5 42. Nxc5 Re7 $16)) 40... Bb2 $2 (40... Qe5 $16) 41. Qf5+ ({Less strong is} 41. Nxc5 Re7 $18) (41. Qxc5 Qxc5 42. Nxc5 Re7 $16) 41... Kg8 {Weighted Error Value: White=0.64/Black=0.49} 1-0

[Event "Benidorm Open-B 2022"]
[Site "Benidorm"]
[Date "2022.12.10"]
[Round "9.7"]
[White "Aadith R"]
[Black "Selva Salvador, Antonio"]
[Result "1/2-1/2"]
[ECO "B27"]
[WhiteElo "1714"]
[BlackElo "1954"]
[Annotator "TA"]
[PlyCount "60"]
[EventDate "2022.12.03"]
[EventType "swiss"]
[EventCountry "ESP"]
[SourceTitle "playchess.com"]
[Source "ChessBase"]
[SourceQuality "1"]
[TimeControl "5400+30"]

1. e4 c5 2. Nf3 g6 3. d4 cxd4 4. Qxd4 Nf6 5. Bc4 Nc6 6. Qe3 {B27: Sicilian: 2 Nf3, unusual Black 2nd moves.} d6 7. O-O Bg7 8. h3 O-O 9. Nc3 Nd7 10. Rd1 Qb6 11. Qe1 {[#]} (11. Qe2 {is more complex.} Bxc3 12. bxc3 Nde5 13. Nxe5 Nxe5 14. Bh6) 11... Qb4 $146 ({Predecessor:} 11... Nde5 12. Nxe5 Nxe5 13. Bb3 Be6 14. Be3 Qa5 15. Nd5 Qd8 16. Bd4 Nd7 17. c3 b6 {1-0 (35) Demchenko,A (2654)-Aditya,M (2487) Chess.com INT 2022}) 12. Bb3 Nc5 13. a3 (13. Bd2 {looks sharper.} Be6 14. Ng5 Nd4 15. Nxe6 fxe6 16. Na4) 13... Bxc3 14. axb4 Bxe1 15. bxc5 Bb4 16. cxd6 Bxd6 17. Bh6 Re8 ({Black should try} 17... Rd8 $14) 18. Ng5 $18 Nd8 19. Ba4 (19. e5 $1 $18 Bc5 20. Rxd8 $1 Rxd8 21. Bxf7+ (21. Nxf7 Rd4 $18) 21... Kh8 22. Bb3) 19... Nc6 $14 20. Bb3 (20. Nf3 $14) 20... Nd8 $1 $18 {[#]} 21. e5 $1 $36 {[%mdl 2048] White is on the roll.} Bc7 {[#]} 22. Rxd8 $1 Rxd8 23. Nxf7 Rd4 24. Nd6+ {[%mdl 1024] White has strong compensation.} Kh8 25. Nf7+ Kg8 26. Nd6+ (26. c3 $142 Rh4 27. Bg5) 26... Kh8 27. Nf7+ Kg8 28. Nd6+ (28. c3 $16 Rh4 29. Bg5) 28... Kh8 29. Nf7+ Kg8 30. Nd6+ (30. c3 $142 Rh4 31. Bg5) 30... Kh8 {Weighted Error Value: White=0.59/Black=0.22 (precise)} 1/2-1/2

[Event "Benidorm Open-B 2022"]
[Site "Benidorm"]
[Date "2022.12.10"]
[Round "9.8"]
[White "Izquierdo Carbellido, Pablo"]
[Black "Martinez Dourado, Daniel"]
[Result "0-1"]
[ECO "E97"]
[WhiteElo "1900"]
[BlackElo "1837"]
[Annotator "TA"]
[PlyCount "104"]
[EventDate "2022.12.03"]
[EventType "swiss"]
[EventCountry "ESP"]
[SourceTitle "playchess.com"]
[Source "ChessBase"]
[SourceQuality "1"]
[TimeControl "5400+30"]

1. d4 Nf6 2. c4 g6 3. Nc3 Bg7 4. e4 d6 5. Nf3 O-O 6. Be2 e5 7. O-O Nc6 8. d5 Ne7 9. b4 Nd7 10. a4 a5 11. Ba3 axb4 12. Bxb4 b6 13. a5 {E97: King's Indian: Classical Main Line (6...e5 7 0-0 Nc6): 8 Be3 and 8 d5 Ne7, not 9 Ne1.} bxa5 14. Rxa5 Rb8 {[#]} 15. Nb5 $146 {White is slightly better.} ({Predecessor:} 15. Qa4 Nb6 16. Qa3 Bg4 17. c5 Nbc8 18. Ra1 Bxf3 19. Bxf3 f5 20. Ra8 Rxa8 21. Qxa8 fxe4 22. Bxe4 Nf5 23. Qb7 dxc5 24. Bxc5 Ncd6 25. Qa6 Re8 26. f3 Nd4 {½-½ (26) Meyer,M (1740)-Forgach,A (1851) Korbach 2017}) 15... c6 {[#]} 16. dxc6 (16. Ra3 $1 $11 cxb5 17. Bxd6) 16... Nxc6 $15 17. Ra4 Nxb4 18. Rxb4 Nc5 19. Nd2 Bb7 (19... Qg5 {feels hotter.} 20. Rb1 Rb6 21. Qc2 Bh3) 20. f3 Ba6 21. Nb3 Ne6 22. Qd2 Qb6+ (22... Nf4 {with more complications.} 23. Kh1 Qb6 24. Rd1 Bh6) 23. Kh1 Rfd8 (23... Nf4 $15) 24. Ra1 Nc5 25. Qa2 Ra8 26. Nxc5 Qxc5 27. Ra4 Bb7 28. Qd2 Bf8 29. h3 Rxa4 30. Rxa4 Bc6 31. Ra5 h5 32. Na7 Qb6 33. Nxc6 Qxc6 34. Rxe5 Bh6 35. Qd5 (35. Qxh6 $2 dxe5 36. Qg5 Re8 $19) (35. Qd4 $11 {and White stays safe.}) 35... Qb6 $2 (35... Qd7 $19 36. Rg5 Bxg5 37. Qxg5 Rb8) 36. Re7 $17 Rf8 {[%cal Bd8f8,Bf8a8,Ba8a3][%mdl 1056] Black has strong compensation.} 37. Qd1 Qf2 {And now ...Ra8 would win.} 38. Rb7 (38. e5 $17 {is a better defense.}) 38... Bg7 ({Black should play} 38... Ra8 $1 $19 39. e5 dxe5) 39. Rb1 $15 Ra8 {Strongly threatening ...Ra2.} 40. Qe1 Qe3 {Hoping for ...Ra2.} 41. Bf1 Qf4 {White must now prevent ...Ra2.} (41... Qxe1 {simplifies} 42. Rxe1 Be5 43. Be2 Ra2) 42. Qf2 {Against Ra2} (42. Qc1 $11 Qg3 43. Qe1) 42... h4 $1 $19 43. g3 hxg3 ({Stronger than} 43... Qxg3 44. Qxg3 hxg3 45. Re1 $17) 44. Qe2 Ra3 45. Kg2 $2 (45. Bg2) 45... Re3 46. Qd1 Bc3 47. Be2 {[#]} Qe5 {Chess con chili.} (47... Rxe4 $142 $1 48. Qd3 (48. Rb8+ $2 Kh7 $19) 48... Re3) 48. Rb5 {[#]} Qf6 49. Kxg3 $2 (49. Qc2) 49... Be5+ 50. Kf2 Bf4 51. Qg1 Rc3 $2 (51... Qd4 52. Rb1 (52. Rb8+ $2 Kg7 $19) 52... Rxe4+ 53. Kf1 Qxg1+ 54. Kxg1 Rxe2) 52. Rb2 $2 (52. Kg2 $19) 52... Be3+ {[%mdl 64] Skewer.   Weighted Error Value: White=0.70/Black=0.60} 0-1

[Event "Benidorm Open-B 2022"]
[Site "Benidorm"]
[Date "2022.12.10"]
[Round "9.11"]
[White "Pedraza Fernandez, Miguel Angel"]
[Black "Lopez Palomar, Jose"]
[Result "0-1"]
[ECO "E97"]
[WhiteElo "1784"]
[BlackElo "1913"]
[Annotator "TA"]
[PlyCount "64"]
[EventDate "2022.12.03"]
[EventType "swiss"]
[EventCountry "ESP"]
[SourceTitle "playchess.com"]
[Source "ChessBase"]
[SourceQuality "1"]
[TimeControl "5400+30"]

1. d4 Nf6 2. c4 g6 3. Nc3 Bg7 4. e4 d6 5. Nf3 O-O 6. Be2 Nc6 7. O-O e5 8. d5 Ne7 9. b4 h6 10. c5 Ne8 11. cxd6 {E97: King's Indian: Classical Main Line (6...e5 7 0-0 Nc6): 8 Be3 and 8 d5 Ne7, not 9 Ne1.} cxd6 {[#]} 12. Be3 $146 ({Predecessor:} 12. a4 f5 13. b5 f4 14. Ba3 g5 15. Nd2 Nf6 16. Nc4 g4 17. Nxd6 Bd7 18. Nxb7 Qe8 {1-0 (47) Polanco Nunez,Y (2186)-Polanco Alcantara,M (2067) Santo Domingo 2018}) 12... f5 13. Ne1 {The position is equal.} f4 (13... fxe4 $11 14. Nxe4 b6) 14. Bd2 Rf7 15. b5 Nf6 16. a4 g5 17. h3 (17. f3 $142) 17... Bf8 $11 18. Rc1 Rg7 19. g4 h5 20. Nb1 (20. gxh5 $2 {loses.} Bxh3 21. b6 g4 22. bxa7 (22. h6 $2 Rg6 $19) 22... Rxa7 $19) (20. f3 $17) 20... Nxe4 $19 21. Bf3 {[#]} (21. Nc3 {was worth a try.} Nf6 22. f3) 21... Nf6 $1 22. Bc3 $2 (22. Nc3 {was necessary.}) 22... hxg4 23. hxg4 Ng6 24. Ng2 (24. Nd2 $142) 24... Rh7 25. a5 $2 (25. Nd2) 25... Rh3 26. Be2 (26. Nd2 $142 Bd7 27. Qe2) 26... Qd7 {Strongly threatening ...Qh7.} 27. f3 Qh7 28. Kf2 Rh2 29. Rg1 Qh3 30. Bf1 Nh4 {[%cal Of6e4] ( -> ...Ne4+!)} 31. Rc2 {[#]} Ne4+ $1 32. fxe4 (32. Ke1 Qg3+) 32... Qe3# {Weighted Error Value: White=1.31/Black=0.51} 0-1

[Event "Benidorm Open-B 2022"]
[Site "Benidorm"]
[Date "2022.12.10"]
[Round "9.13"]
[White "Diez Viera, Oscar"]
[Black "Camison Zornoza, Cesar"]
[Result "1/2-1/2"]
[ECO "B02"]
[WhiteElo "1858"]
[BlackElo "1875"]
[Annotator "NA RC COMBH"]
[PlyCount "75"]
[EventDate "2022.12.03"]
[EventType "swiss"]
[EventCountry "ESP"]
[SourceTitle "playchess.com"]
[Source "ChessBase"]
[SourceQuality "1"]
[TimeControl "5400+30"]

1. e4 Nf6 2. d3 e5 3. g3 Bc5 4. Bg5 h6 5. Bxf6 Qxf6 6. Qe2 Qb6 7. c3 a5 8. Nf3 d6 9. Bg2 Nc6 10. O-O Bg4 11. Qc2 Bxf3 12. Bxf3 a4 13. Nd2 Qa7 14. Rab1 O-O 15. b4 axb3 16. axb3 b5 17. b4 Bb6 18. Nb3 Qb7 19. Ra1 Ra4 20. Rxa4 bxa4 21. Nd2 Ra8 22. Ra1 Qa7 23. Nc4 Nd8 24. Bd1 Qb8 25. Rxa4 Ne6 26. Nxb6 cxb6 27. Bg4 Ng5 28. h4 Nh7 29. Qa2 Rxa4 30. Qxa4 Nf6 31. Bf5 g6 32. Bh3 b5 33. Qa6 Kg7 34. c4 bxc4 35. Qxc4 Qa7 36. b5 Qa1+ 37. Kg2 Qb1 38. b6 1/2-1/2

[Event "Benidorm Open-B 2022"]
[Site "Benidorm"]
[Date "2022.12.10"]
[Round "9.14"]
[White "Rodriguez Gomez, Vicente"]
[Black "Swapna C N"]
[Result "1-0"]
[ECO "B33"]
[WhiteElo "1854"]
[BlackElo "1481"]
[Annotator "NA RC COMBH"]
[PlyCount "115"]
[EventDate "2022.12.03"]
[EventType "swiss"]
[EventCountry "ESP"]
[SourceTitle "playchess.com"]
[Source "ChessBase"]
[SourceQuality "1"]
[TimeControl "5400+30"]

1. e4 c5 2. Nf3 Nc6 3. d4 cxd4 4. Nxd4 e5 5. Nb3 Nf6 6. Nc3 Bb4 7. Bd3 h6 8. O-O O-O 9. Ne2 Re8 10. Ng3 Bf8 11. c3 d6 12. h3 g5 13. Nh5 a6 14. Nxf6+ Qxf6 15. Qe2 Ne7 16. Nd2 Ng6 17. Nc4 Be6 18. Nb6 Rad8 19. c4 Bg7 20. Nd5 Bxd5 21. cxd5 Nf4 22. Qf3 Rc8 23. Bd2 Qd8 24. Rac1 Qb6 25. Rxc8 Rxc8 26. Bc3 Qc5 27. Kh2 b5 28. g3 Nxd3 29. Qxd3 b4 30. Bd2 a5 31. Be3 Qc4 32. Qxc4 Rxc4 33. f3 Bf6 34. Rc1 Rxc1 35. Bxc1 Bd8 36. Be3 a4 37. b3 axb3 38. axb3 Kf8 39. Kg2 Ke8 40. Kf2 Kd7 41. Ke2 Ba5 42. Kd3 Kc7 43. Kc4 Kb7 44. Kb5 Bc7 45. g4 f6 46. Bd2 Bb8 47. Bxb4 Bc7 48. Ba5 Bb8 49. Bd8 Ba7 50. Bxf6 Kc7 51. Bg7 Be3 52. Bxh6 Bf4 53. Bg7 Be3 54. Bf6 Bd2 55. h4 gxh4 56. Bxh4 Bh6 57. Bf6 Bf8 58. g5 1-0